 Dungeon Sprint DCSS version 0.29.1-15-g9cfb28693d (webtiles) character file.

Game seed: 13104053370627446207

450 Groucho the Summoner (level 6, -5/32 HPs)
             Began as a Deep Elf Summoner on Apr 7, 2023.
             Was a High Priest of Sif Muna.
             Killed from afar by an efreet (31 damage)
             ... with a fireball
             ... in the Dungeon (Sprint VII: "The Pits").
             The game lasted 00:03:32 (637 turns).

Groucho the Summoner (Deep Elf Summoner)             Turns: 637, Time: 00:03:33

Health: -5/32      AC:  2    Str:  5    XL:     6   Next: 74%
Magic:  19/19      EV: 16    Int: 22    God:    Sif Muna [*****.]
Gold:   0          SH:  0    Dex: 15    Spells: 9/22 levels left

rFire   . . .      SeeInvis .   h - +2 quarterstaff
rCold   . . .      Faith    .   (shield currently unavailable)
rNeg    . . .      Spirit   .   a - +0 robe
rPois   .          Reflect  .   (no helmet)
rElec   .          Harm     .   (no cloak)
rCorr   .          Rampage  .   (no gloves)
Will    .....      NoTele   +   (no boots)
Stlth   ++++......              (no amulet)
HPRegen 0.10/turn               (no ring)
MPRegen 0.16/turn               (no ring)

@: no status effects
A: no striking features
a: Renounce Religion, Channel Magic, Forget Spell, Divine Exegesis


You were in the Dungeon.
You worshipped Sif Muna.
Sif Muna was extremely pleased with you.
You visited 1 branch

Inventory:

Hand Weapons
 h - a +2 quarterstaff (weapon)
Missiles
 l - 11 stones
Armour
 a - a +0 robe (worn)
Scrolls
 g - a scroll of blinking
 j - 5 scrolls of amnesia
 k - a scroll of summoning
Potions
 b - 5 potions of magic
 c - 5 potions of curing
 d - 6 potions of heal wounds
 e - a potion of haste
 f - 3 potions of berserk rage
 i - 2 potions of invisibility


   Skills:
 + Level 7.9 Dodging
 + Level 8.7 Stealth
 + Level 8.8 Spellcasting
 + Level 0.0 Hexes
 * Level 9.6 Summonings
 + Level 4.2 Air Magic
 + Level 3.2 Invocations


You had 9 spell levels left.
You knew the following spells:

 Your Spells              Type           Power      Damage    Failure   Level
a - Summon Small Mammal   Summ           100%       N/A       1%          1
b - Call Imp              Summ           51%        N/A       1%          2
c - Call Canine Familiar  Summ           51%        N/A       1%          3
d - Summon Guardian Gole  Hex/Summ       30%        N/A       2%          3
e - Summon Lightning Spi  Summ/Air       40%        N/A       4%          4

Your spell library contained the following spells:

 Spells                   Type           Power      Damage    Failure   Level


Dungeon Overview and Level Annotations

Branches:
Dungeon (1/1)

Altars:
Ashenzari
Cheibriados
Dithmenos
Elyvilon
Fedhas
Gozag
Hepliaklqana
Kikubaaqudgha
Makhleb
Nemelex Xobeh
Okawaru
Qazlal
Ru
Sif Muna
Trog
Uskayaw
Vehumet
Wu Jian
Xom
Yredelemnul
Zin
The Shining One
Jiyva
Lugonu


Message History

Things that are here:
a +0 halberd; a +0 robe
Things that are here:
a +0 long sword; a +0 robe You swap places.
You already know all available spells.
Unknown command.
Things that are here:
a +0 halberd; a +0 robe
There is an open door here.
You see here a river rat corpse.
Things that are here:
a +0 club; a goblin corpse
Things that are here:
a +1 mace; a +0 robe You open the door.
A kobold comes into view. It is wielding a +0 dagger.
There is an open door here.
The helpless kobold fails to defend itself.
You hit the kobold.
The kobold is moderately wounded.
The kobold hits you but does no damage.
You sock the kobold!
You kill the kobold!
Sif Muna accepts your kill.
Sif Muna will now gift you books as you gain piety.
l - 11 stones (gained 1)
Things that are here:
a +0 dagger; a kobold corpse You open the door.
An efreet comes into view.
It is wielding a +4 scimitar of flaming.
Your wolf bites the efreet!
Your wolf bites the efreet but does no damage.
The efreet gestures at you.
The fireball explodes!
The fireball engulfs your wolf!!
Your wolf dies!
Your wolf's corpse disappears in a puff of smoke!
The fireball engulfs you!!
Ouch! That really hurt!
You die...

#)#........##.......#
#†###########.......#
#).#.#.## #########
#..)....# ##.#.#.##
#.......#+#
##.#.#.##R+
#.......#§#
##.#.#..@)#
##########


You could see an efreet.

Vanquished Creatures
  A wight (D)
  An orc (D)
  A kobold (D)
3 creatures vanquished.

Vanquished Creatures (collateral kills)
  2 floating eyes (D)
  2 wights (D)
  A crimson imp (D)
  A quasit (D)
  A river rat (D)
  2 orcs (D)
  A giant cockroach (D)
  A goblin (D)
  2 jackals (D)
  A ball python skeleton (D)
  A ball python zombie (D)
  A frilled lizard (D)
  A rat (D)
17 creatures vanquished.

Grand Total: 20 creatures vanquished

Notes
Turn   | Place    | Note
-------+----------+-------------------------------------------
     0 | D        | Groucho the Deep Elf Summoner began the quest for the Orb.
     0 | D        | Reached XP level 1. HP: 10/10 MP: 6/6
     9 | D        | Noticed a floating eye
    17 | D        | Killed a floating eye
    18 | D        | Reached skill level 5 in Dodging
    18 | D        | Reached skill level 6 in Summonings
    18 | D        | Reached XP level 2. HP: 15/15 MP: 4/11
    18 | D        | Reached XP level 3. HP: 19/19 MP: 4/13
    18 | D        | Reached XP level 4. HP: 24/24 MP: 4/14
   411 | D        | Found a bloodstained altar of Trog.
   411 | D        | Found a shimmering blue altar of Sif Muna.
   411 | D        | Found a viscous altar of Jiyva.
   411 | D        | Found a hazy altar of Hepliaklqana.
   411 | D        | Found an opulent altar of Gozag.
   412 | D        | Found a glowing golden altar of the Shining One.
   412 | D        | Found a glowing silver altar of Zin.
   412 | D        | Found a basalt altar of Yredelemnul.
   412 | D        | Found a shimmering altar of Xom.
   412 | D        | Found an ornate altar of the Wu Jian Council.
   412 | D        | Found a sacrificial altar of Ru.
   412 | D        | Found a stormy altar of Qazlal.
   412 | D        | Found an iron altar of Okawaru.
   412 | D        | Found a sparkling altar of Nemelex Xobeh.
   412 | D        | Found a burning altar of Makhleb.
   412 | D        | Found a blossoming altar of Fedhas.
   412 | D        | Found a white marble altar of Elyvilon.
   412 | D        | Found a shadowy altar of Dithmenos.
   412 | D        | Found a snail-covered altar of Cheibriados.
   414 | D        | Found a radiant altar of Vehumet.
   414 | D        | Found a corrupted altar of Lugonu.
   418 | D        | Learned a level 2 spell: Call Imp
   422 | D        | Learned a level 3 spell: Call Canine Familiar
   426 | D        | Learned a level 3 spell: Summon Guardian Golem
   431 | D        | Learned a level 4 spell: Summon Lightning Spire
   431 | D        | Found a hide-covered altar of Uskayaw.
   431 | D        | Found an ancient bone altar of Kikubaaqudgha.
   431 | D        | Found a broken altar of Ashenzari.
   435 | D        | Became a worshipper of Sif Muna the Loreminder
   457 | D        | Reached * piety under Sif Muna
   463 | D        | Reached ** piety under Sif Muna
   470 | D        | Noticed a floating eye
   480 | D        | Paralysed by a floating eye for 4 turns
   483 | D        | Killed a floating eye
   484 | D        | Reached skill level 8 in Summonings
   484 | D        | Reached XP level 5. HP: 28/28 MP: 15/17
   555 | D        | Reached *** piety under Sif Muna
   556 | D        | Reached skill level 1 in Invocations
   569 | D        | Reached XP level 6. HP: 10/32 MP: 12/19
   576 | D        | Reached **** piety under Sif Muna
   577 | D        | Reached skill level 9 in Summonings
   633 | D        | Reached ***** piety under Sif Muna
   636 | D        | Noticed an efreet
   637 | D        | Killed from afar by an efreet

Illustrated notes

Levels and vault maps discovered:
D:        pitsprint [storerooms_1, entrance_room_1, metal_vault_1, armoury_1,
          mini_pit_1, grid_room_1, main_hall_1, silver_pit, the_coven_1,
          the_vestibule_1, steel_vault_5, golden_pit, hallway_of_sentries,
          crystal_vault_4, iron_vault_5, final_vault]

Skill      XL: |  1  2  3  4  5  6 |
---------------+-------------------+-----
Dodging        | 5 6 7 |  7.9
Stealth        | 6 7 8 |  8.7
Spellcasting   | 6 7 8 |  8.8
Summonings     | 6 8 9 |  9.6
Air Magic      | 2 3 4 |  4.2
Invocations    | 2 3 |  3.2

Action                   |  1- 3 |  4- 6 || total
-------------------------+-------+-------++-------
Melee: Quarterstaff      |       |     9 ||     9
 Cast: Summon Small Mamm |     2 |     3 ||     5
       Call Canine Famil |       |     2 ||     2
       Call Imp          |       |     1 ||     1
       Summon Guardian G |       |     1 ||     1
  Use: Potion            |       |     1 ||     1
 Stab: Sleeping          |       |     1 ||     1
Armor: Robe              |       |     2 ||     2
Dodge: Dodged            |       |    10 ||    10
